 Dungeon Crawl Stone Soup version 0.24.0-123-gd5b16e6ec5 (webtiles) character file.

Game seed: 2374435876127784903, levelgen mode: deterministic

50 Bluestream the Skirmisher (level 3, -3/34 HPs)
             Began as a Hill Orc Fighter on Feb 4, 2020.
             Slain by Sigmund
             ... wielding a +0 scythe
              (13 damage)
             ... on level 3 of the Dungeon.
             The game lasted 00:02:02 (1474 turns).

Bluestream the Skirmisher (Hill Orc Fighter)        Turns: 1474, Time: 00:02:02

Health: -3/34      AC:  9    Str: 19    XL:     3   Next: 79%
Magic:  3/3        EV:  7    Int:  8    God:
Gold:   78         SH:  9    Dex: 10    Spells: 2/2 levels left

rFire    . . .     SeeInvis .   a - +0 war axe
rCold    . . .     Gourm    .   c - +0 shield
rNeg     . . .     Faith    .   b - +0 scale mail
rPois    .         Spirit   .   (no helmet)
rElec    .         Reflect  .   l - +1 cloak
rCorr    .         Harm     .   (no gloves)
MR       .....                  (no boots)
Stlth    ..........             (no amulet)
HPRegen  0.11/turn              (no ring)
MPRegen  0.08/turn              (no ring)

@: no status effects
A: no striking features
a: no special abilities


You were on level 3 of the Dungeon.
You were not hungry.

You visited 1 branch of the dungeon, and saw 3 of its levels.

You collected 78 gold pieces.

Inventory:

Hand Weapons
 a - a +0 war axe (weapon)
Armour
 b - a +0 scale mail (worn)
 c - a +0 shield (worn)
 l - a +1 cloak (worn)
Jewellery
 q - an uncursed amulet of the gourmand {unknown}
 s - an uncursed ring of protection from magic {unknown}
 t - an uncursed amulet of harm {unknown}
Scrolls
 e - 4 scrolls of teleportation {unknown}
 g - 4 scrolls of blinking {unknown}
 h - a scroll of remove curse {unknown}
 j - a scroll of amnesia {unknown}
 k - a scroll of magic mapping {unknown}
 m - a scroll of identify {unknown}
Potions
 d - a potion of might
 i - a potion of flight {unknown}
 n - 2 potions of curing {unknown}
 o - a potion of resistance {unknown}
 p - a potion of mutation {unknown}
 r - a potion of heal wounds {unknown}
Comestibles
 f - 5 rations
 u - 2 chunks of flesh


   Skills:
 + Level 4.7 Fighting
 + Level 4.2 Axes
 - Level 3.2 Armour
 - Level 3.2 Shields


You had 2 spell levels left.
You didn't know any spells.
Your spell library was empty.

Dungeon Overview and Level Annotations

Branches:
Dungeon (3/15)

Altars:

Annotations:
D:3 Sigmund


Message History

You hit Sigmund.
Sigmund is heavily wounded.
Sigmund points at you and mumbles some strange words.
You resist with significant effort.
You hit Sigmund.
Sigmund is severely wounded.
You block Sigmund's attack.
Your shield and scale mail prevent you from hitting Sigmund.
Sigmund is severely wounded.
Sigmund hits you with a +0 scythe.
* * * LOW HITPOINT WARNING * * *
You closely miss Sigmund.
Sigmund is severely wounded.
Your shield and scale mail prevent you from hitting Sigmund.
Sigmund is severely wounded.
Sigmund barely misses you.
You completely miss Sigmund.
Sigmund is severely wounded.
Sigmund hits you with a +0 scythe!
You die...

........##.......#
........####.#####
.#####..# #.# .#
####.####.#
.###.........# ########
...#.##.###..# #....$.#
.#.#.##..##..# #.=....#
##.#.###.##..###......#
##.#.# #..#....'@.....#
...#.# ##.##.###.@....#
####.####..#...<......#
..............###.#####
####.#####....# .#
......# .....# .#
####### ##.#.## .#
...... .# .#.##.


You could see Sigmund.

Vanquished Creatures
  An adder (D:2)
  A leopard gecko (D:3)
  An orc (D:3)
  2 giant cockroaches
  6 goblins
  4 hobgoblins
  A quokka (D:3)
  3 ball pythons
  9 bats
  3 frilled lizards (D:1)
  5 kobolds
  2 rats
38 creatures vanquished.

Notes
Turn   | Place    | Note
-------+----------+-------------------------------------------
     0 | D:1      | Bluestream the Hill Orc Fighter began the quest for the
                  | Orb.
     0 | D:1      | Reached XP level 1. HP: 19/19 MP: 1/1
   208 | D:1      | Reached XP level 2. HP: 26/27 MP: 2/2
   587 | D:2      | Reached XP level 3. HP: 34/34 MP: 3/3
  1460 | D:3      | Noticed Sigmund
  1474 | D:3      | Slain by Sigmund

Levels and vault maps discovered:
D:1:      roderic_octagonal_star, layout_basic, minmay_splitting_lines
D:2:      layout_basic, first_ration
D:3:      layout_basic, portal_sewer_entry_b, lightli_corner_chamber,
          uniq_sigmund

Skill      XL: |  1  2  3 |
---------------+----------+-----
Axes           | 3 4 |  4.2
Fighting       | 4 |  4.7
Armour         | |  3.2
Shields        | |  3.2

Action                   || total
-------------------------++-------
Melee: War axe           ||   108
  Eat: Chunk             ||     2
Armor: Scale mail        ||    51
Dodge: Dodged            ||    34
Block: Shield            ||    61
